 Dungeon Crawl Stone Soup version 0.31-a0-986-g5e6e4ef867 (webtiles) character file.

Game seed: 13067158153190319434

7 dialectric the Sneak (level 1, 0/18 HPs)
             Began as a Demonspawn Delver on Nov 5, 2023.
             Shot with an arrow by a centaur (11 damage)
             ... on level 5 of the Dungeon.
             The game lasted 00:00:36 (144 turns).

dialectric the Sneak (Demonspawn Delver)             Turns: 144, Time: 00:00:37

Health: 0/18       AC:  3    Str: 12    XL:     1   Next: 83%
Magic:  1/1        EV: 11    Int: 11    God:
Gold:   0          SH:  0    Dex: 14    Spells: 0/0 levels left

rFire   . . .        a - +0 falchion
rCold   . . .        (no shield)
rNeg    . . .        b - +0 leather armour
rPois   .            (no helmet)
rElec   .            (no cloak)
rCorr   .            (no gloves)
SInv    .            (no boots)
Will    .....        (no amulet)
Stlth   +++          (no ring)
HPRegen 0.23/turn    (no ring)
MPRegen 0.07/turn

%: no passive effects
@: no status effects
A: no striking features
a: no special abilities


You were on level 5 of the Dungeon.
You visited 1 branch of the dungeon, and saw 1 of its levels.

Inventory:

Hand Weapons
 a - a +0 falchion (weapon)
Armour
 b - a +0 leather armour (worn)
Wands
 g - a wand of digging (3)
Scrolls
 c - a scroll of fog
 d - a scroll of revelation
 e - a scroll of fear
 h - a scroll of vulnerability {unknown}
Potions
 f - a potion of haste
 i - a potion of ambrosia {unknown}


   Skills:
 + Level 3.0 Fighting
 + Level 1.8 Long Blades
 + Level 1.8 Dodging
 + Level 4.8 Stealth


You couldn't memorise any spells.
You didn't know any spells.
Your spell library was empty.

Dungeon Overview and Level Annotations

Branches:
Dungeon (5/15)
 Temple: D:4-7

Altars:


Message History

Found a metallic inky potion.
You see here a metallic inky potion.
i - a metallic inky potion The phantom hits you but does no damage.
The phantom misses you. The phantom attacks as it pursues you!
The phantom hits you.
The phantom blinks!
You blink.
Found a scroll labelled XYIMIG INAOGG.
The phantom barely misses you.
A quokka comes into view.
The phantom attacks as it pursues you! The phantom hits you.
The phantom blinks!
You blink.
The quokka bites you but does no damage.
The quokka attacks as it pursues you!
The quokka bites you but does no damage.
The phantom closely misses you. The quokka closely misses you.
A centaur comes into view.
The quokka closely misses you.
Found a buckler.
The quokka attacks as it pursues you! The quokka closely misses you.
An iguana comes into view.
A jelly comes into view.
Unknown command.
Unknown command.
Unknown command.
Welcome back, dialectric the Demonspawn Delver.
Press ? for a list of commands and other information.
An orc comes into view. It is wielding a +0 club.
The quokka bites you but does no damage.
The quokka bites you. The quokka barely misses you.
The quokka attacks as it pursues you! The quokka bites you.
An orc comes into view. It is wielding a +0 whip.
The quokka misses you.
Found a scroll of revelation.
The centaur shouts!
The centaur wields a +0 shortbow.
The centaur shoots an arrow.
The arrow hits you!
Ouch! That really hurt!
You die...

....##..#
#.......# .
....###W#
#....# .# #...#
#.###.##.####.#
#####
#.##..##...#..#
#......W.W...#
###.######.#.#
#c######r#.#
...........##
#[######.@...#
.. #.....# ..#
#.....# .#
###.### .. .#?
... ..


P You could see a phantom, a centaur and a quokka.

Vanquished Creatures
  A white imp (D:5)
1 creature vanquished.

Notes
Turn   | Place    | Note
-------+----------+-------------------------------------------
     0 | D:5      | dialectric the Demonspawn Delver began the quest for the
                  | Orb.
     0 | D:5      | Reached XP level 1. HP: 18/18 MP: 1/1
    95 | D:5      | Noticed a phantom
   129 | D:5      | Noticed a centaur
   133 | D:5      | Noticed an iguana
   134 | D:5      | Noticed a jelly
   144 | D:5      | Shot with an arrow by a centaur

Illustrated notes

Levels and vault maps discovered:
D:5:      layout_rooms, serial_shops, nicolae_shop_overgrown_old_shop,
          dk_vineyard_1, grunt_ministairs_4

Action                     || total
---------------------------++-------
  Melee: Falchion          ||     7
   Stab: Distracted        ||     1
 Armour: Leather armour    ||    11
  Dodge: Dodged            ||    13

Table legend: (Time is in decaauts)
 A = Elapsed time spent in this place.
 B = Non-inter-level travel time spent in this place.
 C = Inter-level travel time spent in this place.
 D = Time resting spent in this place.
 E = Time spent auto-exploring this place.
 F = Levels seen in this place.
 G = Mean time per level.
                   A        B        C        D        E       F      G
               +--------+--------+--------+--------+--------+-----+--------+
         Total |    145 |    145 |      0 |     59 |      0 |   1 |  145.0 |
       Dungeon |    145 |    145 |      0 |     59 |      0 |   1 |  145.0 |
               +--------+--------+--------+--------+--------+-----+--------+

Top non-repeatable levels by time:
     D:5: 145 daAuts
